 Dungeon Crawl Stone Soup version 0.29.1-12-g30fa7ad0bf (webtiles) character file.

Game seed: 878991494670844512

794 KittyFluff the Cudgeller (level 7, -1/66 HPs)
             Began as a Gargoyle Berserker on Jan 1, 2023.
             Was an Elder of Trog.
             Slain by an orc wizard
             ... wielding a +0 dagger
              (3 damage)
             ... on level 5 of the Dungeon.
             The game lasted 00:19:27 (3750 turns).

KittyFluff the Cudgeller (Gargoyle Berserker)       Turns: 3750, Time: 00:19:30

Health: -1/66      AC: 10    Str: 21    XL:     7   Next: 89%
Magic:  7/7        EV: 12    Int:  7    God:    Trog [****..]
Gold:   138        SH:  0    Dex: 11    Spells: 6/6 levels left

rFire   + . .      SeeInvis .   a - +0 mace (venom)
rCold   + . .      Faith    .   (no shield)
rNeg    + . .      Spirit   .   c - +0 leather armour
rPois   ∞          Reflect  .   s - +0 helmet
rElec   +          Harm     .   i - scarf {rC+ rF+}
rCorr   .          Rampage  .   (no gloves)
Will    .....                   m - +0 pair of boots
Stlth   ..........              u - amulet of regeneration
HPRegen 1.01/turn               (no ring)
MPRegen 0.10/turn               (no ring)

@: berserking, very quick
A: sickness immunity, AC +4, negative energy resistance 1, electricity
resistance, torment resistance 1, petrification resistance
a: Renounce Religion, Berserk, Trog's Hand, Brothers in Arms


You were on level 5 of the Dungeon.
You worshipped Trog.
Trog was greatly pleased with you.
You visited 1 branch of the dungeon, and saw 5 of its levels.
You also visited: Ossuary.

You collected 324 gold pieces.
You spent 186 gold pieces at shops.

Inventory:

Hand Weapons
 a - a +0 mace of venom (weapon)
Missiles
 d - 5 curare-tipped darts
 q - 3 boomerangs
 t - 13 stones (quivered)
 y - a throwing net
Armour
 c - a +0 leather armour (worn)
 i - a scarf of resistance (worn)
 m - a +0 pair of boots (worn)
 s - a +0 helmet (worn)
 x - an orb of wrath
Jewellery
 u - an amulet of regeneration (around neck)
Scrolls
 b - 2 scrolls of immolation
 f - 2 scrolls of teleportation {unknown}
 h - 4 scrolls of fog {unknown}
 k - 2 scrolls of fear {unknown}
 n - a scroll of vulnerability
 p - 2 scrolls of poison
 r - 2 scrolls of amnesia
Potions
 e - 3 potions of mutation
 g - a potion of magic
 j - a potion of invisibility
 l - 6 potions of curing
 o - a potion of heal wounds
 v - a potion of ambrosia {unknown}
 w - a potion of brilliance {unknown}
 z - 2 potions of lignification {unknown}
 A - a potion of might {unknown}
 B - a potion of flight {unknown}


   Skills:
 + Level 5.1 Fighting
 + Level 6.3 Maces & Flails
 + Level 0.3 Throwing
 * Level 4.5 Armour
 + Level 3.2 Dodging
 + Level 1.3 Stealth


You had 6 spell levels left.
You didn't know any spells.
Your spell library was empty.

Dungeon Overview and Level Annotations

Branches:
Dungeon (5/15)             Temple (0/1) D:4         Ossuary (visited)

Altars:
Kikubaaqudgha
Nemelex Xobeh

Shops:
D:2 [   D:3 **(*


Innate Abilities, Weirdness & Mutations

You are immune to sickness and miasma.
Your stone body is resilient. (AC +4)
You are immune to poison.
You resist negative energy. (rN+)
You are resistant to electric shocks. (rElec)
You are resistant to unholy torment.
You are immune to petrification.


Message History

The orc priest is severely wounded.
The orc hits you from afar with a +1 vorpal trident.
The orc priest misses you. Something hits you but does no damage.
You hit something. The orc barely misses you.
The orc priest invokes the aid of Beogh against you.
Beogh smites you!
You hear some strange, mumbled words.
A puff of flame appears from out of thin air!
The puff of flame hits you. You resist.
* * * LOW HITPOINT WARNING * * *
A red film seems to cover your vision as you go berserk!
You feel yourself moving faster!
You feel mighty! The orc misses you.
The orc priest calls upon Beogh to heal the orc priest.
The orc priest is healed somewhat.
Something hits you but does no damage.
You closely miss something.
The orc priest calls down the wrath of Beogh upon you.
Beogh smites you!
* * * LOW HITPOINT WARNING * * *
The orc closely misses you.
The orc priest hits you but does no damage.
Something hits you but does no damage.
You completely miss something. You hit something.
The orc hits you but does no damage.
The orc priest calls upon Beogh to heal the orc priest.
The orc priest is healed somewhat.
The orc priest mumbles some strange prayers to Beogh against you.
You struggle to resist.
Something hits you.
* * * LOW HITPOINT WARNING * * *
You miss something.
The orc hits you from afar with a +1 vorpal trident.
* * * LOW HITPOINT WARNING * * *
x2 The orc priest closely misses you.
Something hits you but does no damage.
You hit the orc priest but do no damage.
The orc priest looks as sick as possible!
The orc priest is severely wounded.
The orc priest hits you but does no damage.
The orc hits you but does no damage.
The orc priest hits you but does no damage.
Something hits you.
You die...

# # #.....## # ......#
# ......## # #......#
#......# .o....#
#o{...# ###@o..#
###......##
#.........#
############..###)!..#
.............## ##.##
############## ##


You could see 2 orc priests and an orc.

Vanquished Creatures
  The ghost of mortz the Trooper, an amateur GrAK of Lugonu (D:3)
  2 elf zombies (D:4)
  A scorpion (D:4)
  A centaur zombie (Ossuary)
  A hound (D:5)
  5 human zombies
  An iguana (D:5)
  Jessica (D:2)
  4 mummies (Ossuary)
  A gnoll (D:2)
  5 adders
  4 worms
  4 dart slugs
  7 orcs
  6 endoplasms
  4 giant cockroaches
  A gnoll zombie (Ossuary)
  A goblin (D:2)
  7 hobgoblins
  5 quokkas
  9 ball pythons
  3 bats
  3 frilled lizards (D:3)
  A goblin zombie (Ossuary)
  A hobgoblin zombie (Ossuary)
  9 kobolds
  An orc skeleton (D:4)
  2 orc zombies (D:4)
  26 rats
117 creatures vanquished.

Notes
Turn   | Place    | Note
-------+----------+-------------------------------------------
     0 | D:1      | KittyFluff the Gargoyle Berserker began the quest for the
                  | Orb.
     0 | D:1      | Reached XP level 1. HP: 14/14 MP: 1/1
   213 | D:1      | Reached XP level 2. HP: 18/19 MP: 2/2
   672 | D:2      | Reached XP level 3. HP: 22/24 MP: 3/3
  1081 | D:2      | Reached ** piety under Trog
  1191 | D:2      | Reached XP level 4. HP: 29/29 MP: 4/4
  1201 | D:2      | Found a sparkling altar of Nemelex Xobeh.
  1270 | D:2      | Noticed Jessica
  1281 | D:2      | Killed Jessica
  1396 | D:2      | Found Losuck's Armour Shop.
  1555 | D:2      | Reached skill level 4 in Maces & Flails
  1686 | D:3      | Found Pipti's General Store.
  1711 | D:3      | Reached XP level 5. HP: 32/33 MP: 5/5
  1737 | D:3      | Bought a scroll of magic mapping for 90 gold pieces
  1737 | D:3      | Bought a scroll of identify for 24 gold pieces
  1737 | D:3      | Bought a scroll of poison for 48 gold pieces
  1737 | D:3      | Bought a scroll of identify for 24 gold pieces
  1760 | D:3      | Found Xifrir's General Store.
  1802 | D:3      | Found a runed translucent door.
  1831 | D:3      | Found Uklirph's Assorted Antiques.
  2019 | D:3      | Reached *** piety under Trog
  2127 | D:3      | Found Foiwas's Antique Weapon Shoppe.
  2160 | D:3      | Found a faded altar of an unknown god.
  2417 | D:3      | Noticed mortz's ghost (amateur GrAK)
  2443 | D:3      | Killed mortz's ghost
  2444 | D:3      | Reached skill level 5 in Maces & Flails
  2444 | D:3      | Reached skill level 1 in Stealth
  2444 | D:3      | Reached XP level 6. HP: 39/39 MP: 6/6
  2506 | D:4      | Found a staircase to the Ecumenical Temple.
  2791 | D:4      | Found a large runed translucent door.
  2791 | D:4      | Found a large runed translucent door.
  2908 | D:4      | Found a sand-covered staircase.
  2922 | Ossuary  | Entered an ossuary
  3004 | Ossuary  | Reached XP level 7. HP: 44/44 MP: 7/7
  3169 | Ossuary  | Reached **** piety under Trog
  3291 | D:4      | Reached skill level 6 in Maces & Flails
  3356 | D:4      | Reached skill level 5 in Fighting
  3424 | D:4      | Found a sparkling altar of Nemelex Xobeh.
  3432 | D:4      | Found an ancient bone altar of Kikubaaqudgha.
  3665 | D:5      | Entered Level 5 of the Dungeon
  3749 | D:5      | HP: 3/66 [orc/+1 vorpal trident (6)]
  3749 | D:5      | HP: 1/66 [orc/+1 vorpal trident (2)]
  3750 | D:5      | Slain by an orc wizard

Illustrated notes

Levels and vault maps discovered:
D:1:      sevenhm_arrival_forest_fort_small_6, layout_basic
D:2:      layout_basic, serial_shops, shop_coins, basic_altar,
          minmay_close_crescents, uniq_jessica
D:3:      layout_rooms, serial_shops, nicolae_shop_overgrown_old_shop,
          shop_statue, shop, shop_statue, ebering_ghost_reflecting_pool,
          chequers_ecumenical_altar_twisty, st_stairs_6, minmay_misc_feat_alley,
          minmay_rat_hole
D:4:      layout_cave_pods, jmf_multi_god_temple2, minmay_temple_entry_waves,
          nicolae_ossuary_entry_catacombs
D:5:      layout_cave_pods, grunt_temple_overflow_diamond,
          minmay_stone_trees_medium, nicolae_sextant, kennysheep_flooded_box,
          grunt_decor_fettered, uniq_sigmund

Skill      XL: |  1  2  3  4  5  6  7 |
---------------+----------------------+-----
Dodging        | 2 3 |  3.2
Armour         | 3 4 |  4.5
Fighting       | 4 5 |  5.1
Maces & Flails | 4 5 6 |  6.3
Stealth        | 1 |  1.3
Throwing       | |  0.3

Action                   |  1- 3 |  4- 6 |  7- 9 || total
-------------------------+-------+-------+-------++-------
Melee: Mace              |    75 |   236 |   131 ||   442
       Punch             |     2 |       |     3 ||     5
Throw: Stone             |     8 |       |       ||     8
Invok: Berserk           |     1 |     1 |     1 ||     3
  Use: Scroll            |       |     7 |     1 ||     8
 Stab: Sleeping          |       |       |     2 ||     2
Armor: Animal skin       |    21 |       |       ||    21
       Leather armour    |     3 |    97 |    50 ||   150
Dodge: Dodged            |    65 |   145 |    59 ||   269
